Map: Glittering Ashes LE

Players

TradeMarc (uThermal)

  • Race: Terran Terran
  • League: Grandmaster

Reynor - Winner!

  • Race: Zerg Zerg
  • League: Master

Event: DreamHack SC2 Masters Last Chance 2022

VOD

Have the link to the VOD?

Description

Time

  • Played on: Dec. 17, 2021, 1:18 p.m.
  • Length: 24:41

All games in this series

Show
View Real Time Build Order
Export as new Build Order

TradeMarc Terran 

Build Orders:  

Get SALT Encoding   

  12  0:00  SCV  
  13  0:12  SCV  
  14  0:18  Supply Depot  
  14  0:24  SCV  
  15  0:40  Barracks  
  15  0:50  Barracks  
  15  0:53  SCV  
  16  1:05  SCV  
  16  1:07  Refinery  
  17  1:18  SCV  
  18  1:27  Marine  
  18  1:30  Orbital Command  
  19  1:36  Supply Depot  
  19  1:37  Marine  
  20  1:45  Marine  
  21  1:56  Bunker  
  21  1:57  Marine  
  22  2:02  Marine  
  22  2:03  SCV  
  24  2:12  Bunker  
  24  2:15  Marine  
  25  2:17  SCV  
  25  2:20  Marine  
  27  2:23  Supply Depot  
  27  2:30  SCV  
  27  2:33  Marine  
  29  2:38  Marine  
  29  2:42  SCV  
  30  2:50  Marine  
  31  2:55  Factory, SCV  
  31  2:56  Marine  
  32  3:07  SCV  
  32  3:08  Marine  
  33  3:14  Marine  
  33  3:19  SCV  
  33  3:26  Marine  
  33  3:31  SCV  
  33  3:32  Marine  
  34  3:43  Hellion, SCV  
  34  3:44  Starport, Marine  
  38  3:49  Marine  
  38  3:55  SCV  
  37  4:01  Supply Depot  
  36  4:07  Factory Reactor  
  36  4:22  Supply Depot, SCV  
  37  4:33  Command Center  
  37  4:34  SCV  
  38  4:40  Liberator  
  41  4:46  Hellion, SCV  
  41  4:47  Hellion  
  46  4:59  SCV, Refinery  
  47  5:10  Command Center  
  47  5:11  SCV  
  48  5:15  Hellion  
  48  5:19  Hellion  
  52  5:23  SCV  
  52  5:27  Barracks Tech Lab  
  53  5:36  SCV  
  53  5:42  Starport Reactor  
  54  5:45  Orbital Command  
  54  5:46  Stimpack, Marine  
  54  5:48  SCV  
  56  5:55  Factory Reactor  
  56  6:00  Barracks  
  56  6:01  SCV  
  56  6:03  Barracks  
  56  6:04  Marine  
  58  6:12  SCV  
  58  6:13  SCV  
  58  6:16  Supply Depot  
  60  6:21  Marine  
  60  6:25  SCV  
  62  6:27  Starport Reactor  
  62  6:31  Engineering Bay  
  62  6:32  Engineering Bay  
  62  6:33  SCV  
  62  6:36  Supply Depot  
  62  6:39  SCV, Refinery, Marine  
  65  6:45  SCV  
  66  6:48  Marine x2  
  66  6:50  SCV  
  66  6:52  Supply Depot  
  66  6:53  SCV  
  70  6:56  Marine x2  
  70  6:57  Marine  
  70  6:59  Terran Infantry Weapons Level 1, Terran Infantry Armor Level 1  
  73  7:02  SCV  
  73  7:05  Refinery  
  73  7:06  Marine x2  
  77  7:09  Widow Mine  
  77  7:11  Widow Mine  
  77  7:13  Orbital Command  
  77  7:14  SCV  
  81  7:17  SCV  
  81  7:19  Marine x2  
  84  7:23  Medivac  
  84  7:25  Medivac  
  84  7:27  SCV  
  84  7:29  SCV  
  90  7:30  Marine  
  90  7:33  Combat Shield  
  90  7:36  Marine  
  92  7:38  SCV  
  92  7:39  SCV  
  92  7:42  Supply Depot  
  92  7:43  SCV  
  95  7:44  Widow Mine  
  95  7:46  Marine  
  95  7:50  Supply Depot, SCV  
  99  7:51  SCV, Marine  
  99  7:52  Marine  
  99  7:55  SCV  
  99  7:57  Marine  
  104  8:01  Widow Mine, Marine  
  104  8:03  Supply Depot, SCV  
  104  8:04  Marine  
  109  8:06  Supply Depot, Widow Mine  
  109  8:08  SCV x2  
  113  8:15  Barracks  
  113  8:16  SCV  
  113  8:18  Marine, Barracks  
  113  8:19  Bunker, Marine  
  116  8:21  Marine  
  116  8:23  Marine x2  
  116  8:25  SCV  
  120  8:28  Missile Turret  
  120  8:34  SCV  
  121  8:36  SCV, Marine  
  121  8:37  Supply Depot, Medivac  
  121  8:39  Factory Reactor  
  125  8:43  Marine x2  
  125  8:46  SCV  
  125  8:47  Marine  
  125  8:48  Medivac  
  131  8:49  Supply Depot  
  131  8:50  Marine  
  132  8:56  Marine, Armory  
  132  8:57  Bunker  
  132  8:58  SCV  
  134  9:06  Barracks Tech Lab x2, Marine x3  
  134  9:08  Medivac, Marine  
  136  9:10  SCV  
  136  9:13  Bunker  
  136  9:14  Supply Depot, Marine  
  136  9:15  Bunker  
  136  9:19  Widow Mine  
  136  9:20  Widow Mine, Concussive Shells  
  136  9:24  Marine x3  
  141  9:25  Medivac  
  141  9:26  Marine  
  146  9:35  Sensor Tower  
  146  9:37  Marauder  
  146  9:38  Marauder, Marine  
  148  9:41  Marine x2  
  148  9:44  Marauder  
  152  9:48  Terran Infantry Weapons Level 2  
  152  9:49  Terran Infantry Armor Level 2  
  152  9:53  Widow Mine x2  
  152  9:55  Supply Depot, SCV  
  152  9:56  Marine x2  
  152  9:59  Marauder x2, Marine x2  
  165  10:08  Marine  
  165  10:10  Medivac x2  
  165  10:13  Supply Depot  
  165  10:14  Widow Mine, Marine  
  157  10:15  Widow Mine  
  157  10:16  Marine  
  157  10:17  Refinery, Marine  
  157  10:20  Marauder, Supply Depot  
  166  10:21  Marine  
  166  10:22  Supply Depot  
  166  10:28  Marauder, Marine  
  170  10:29  Supply Depot  
  170  10:30  SCV  
  170  10:32  Marine  
  170  10:34  Marine  
  173  10:36  Widow Mine  
  173  10:42  Marauder, Supply Depot  
  177  10:43  Supply Depot, Widow Mine  
  177  10:46  Marauder  
  177  10:47  Medivac x2  
  185  10:55  Marine  
  185  10:56  Marauder, Marine  
  189  10:57  Command Center, Marine  
  190  11:05  Marine  
  190  11:06  Marauder  
  190  11:11  Marauder  
  195  11:12  Widow Mine x2  
  195  11:17  Marine  
  200  11:34  Barracks  
  200  11:35  Barracks x2  
  200  11:36  Barracks  
  200  11:37  Barracks  
  196  11:46  Marauder x2, Marine x2  
  200  11:51  Widow Mine  
  200  11:52  Widow Mine  
  168  12:08  Medivac  
  168  12:12  Marine  
  168  12:13  Marauder x2, Marine  
  168  12:14  Marauder  
  164  12:16  SCV x3  
  164  12:19  Terran Infantry Weapons Level 3, Terran Infantry Armor Level 3  
  164  12:21  Ghost Academy  
  163  12:24  Marine x2  
  163  12:28  SCV  
  166  12:30  Barracks Tech Lab  
  166  12:31  Barracks Tech Lab  
  166  12:33  Barracks Tech Lab x3  
  166  12:34  Marauder x2  
  166  12:35  SCV  
  171  12:46  Marauder, Marine  
  171  12:48  Widow Mine x2  
  171  12:51  SCV  
  179  12:52  Ghost x3  
  179  12:56  SCV  
  179  12:58  Command Center  
  186  13:01  Marine x2  
  186  13:02  Marauder  
  186  13:14  Ghost x2  
  186  13:15  Marauder, Ghost  
  193  13:23  Refinery  
  193  13:24  Refinery  
  190  13:35  Ghost  
  190  13:37  Marauder, Marine  
  190  13:41  Marauder, Marine x2  
  198  13:43  Planetary Fortress  
  198  13:45  Command Center  
  198  13:46  Marine  
  200  14:09  Command Center  
  200  14:11  Command Center  
  196  14:29  Command Center  
  196  14:30  Command Center  
  196  14:35  Orbital Command  
  192  14:54  Ghost  
  192  14:55  Marine x2  
  192  14:56  Marauder x2, Hi-Sec Auto Tracking, Neosteel Armor  
  200  15:02  Missile Turret x2, Orbital Command  
  200  15:11  Missile Turret  
  200  15:19  Missile Turret  
  158  15:29  Ghost x2  
  158  15:30  Ghost  
  158  15:31  Ghost x2  
  158  15:32  Medivac x2  
  158  15:33  Ghost  
  158  15:35  Ghost  
  167  15:37  Missile Turret  
  167  15:38  SCV  
  167  15:41  Missile Turret  
  168  15:42  Orbital Command  
  168  15:46  Ghost  
  169  15:59  Ghost x2  
  169  16:01  Ghost  
  171  16:06  Ghost  
  171  16:08  SCV  
  174  16:13  Planetary Fortress  
  174  16:15  SCV x2  
  176  16:20  Ghost  
  178  16:26  Ghost  
  178  16:30  Ghost  
  179  16:37  Ghost  
  179  16:39  Missile Turret  
  181  16:40  Ghost  
  183  16:49  Ghost  
  183  16:53  Marine  
  183  16:54  Marauder  
  182  17:06  Ghost  
  170  17:12  Ghost  
  170  17:15  Marauder x2, Marine x2  
  176  17:16  Marine  
  176  17:17  Marauder x2, Marine x2  
  176  17:18  Marine, Orbital Command x2  
  173  17:24  Refinery  
  173  17:27  Refinery  
  173  17:28  Medivac  
  175  17:32  Marine  
  175  17:33  Marine  
  175  17:34  Marine  
  175  17:35  Marauder  
  180  17:39  Marine  
  180  17:40  Marauder, Medivac  
  174  17:45  Marine x2  
  174  17:46  Marauder x2  
  175  17:55  Marauder, Marine x2  
  175  17:56  Marauder  
  175  17:58  Medivac  
  173  18:00  SCV  
  173  18:01  Ghost  
  173  18:05  Marauder, Marine  
  179  18:06  Missile Turret  
  179  18:08  Missile Turret  
  179  18:09  SCV  
  179  18:15  Ghost  
  179  18:18  Missile Turret  
  179  18:19  Marauder, Marine, Orbital Command  
  184  18:20  Medivac  
  186  18:32  Marauder x2, Marine  
  191  18:37  Medivac  
  191  18:38  Marauder x2, Marine x2  
  199  18:55  Ghost  
  199  18:58  Ghost  
  199  19:00  Marine x3  
  199  19:01  Marauder, Medivac  
  200  19:14  Marauder, Marine  
  179  19:24  Marine x3, Ghost  
  176  19:25  Marauder x3  
  176  19:30  Marine x2, Orbital Command  
  176  19:31  Marauder  
  189  19:36  Marauder, Marine  
  189  19:38  Liberator  
  189  19:42  Marine  
  189  19:44  Marine  
  192  19:46  Marauder  
  194  19:53  Ghost  
  194  19:57  Ghost  
  198  20:05  Marine  
  198  20:06  Marauder  
  197  20:13  Orbital Command  
  191  20:34  Marauder, Marine  
  194  20:47  Marauder, Medivac, Marine  
  173  20:54  Marauder, Marine  
  173  20:55  Marine  
  173  20:56  Marauder  
  155  20:58  Marine x2  
  143  21:04  Marine  
  143  21:09  Marine x2  
  120  21:12  Marine  
  121  21:22  Marine x2  
  121  21:25  Marine  
  116  21:29  Marine  
  116  21:32  Marine  
  115  21:44  Marauder, Marine  
  115  21:46  Marine  
  119  21:49  Marine  
  119  21:53  Marine  
  121  21:54  Marine  
  121  21:57  Marine  
  123  22:08  Marauder, Marine  
  116  22:20  Marine, Ghost x2  
  117  22:29  Orbital Command  
  112  22:30  Ghost  
  112  22:31  Marine  
  112  22:33  Marine  
  115  22:37  SCV  
  115  22:38  SCV  
  115  22:42  Marine  
  118  22:45  SCV  
  116  23:02  Marine x2  
  116  23:03  Marauder  
  120  23:08  SCV x2  
  120  23:09  SCV  
  121  23:13  Marine  
  121  23:14  Marine  
  121  23:18  Ghost  
  123  23:21  SCV  
  121  23:34  Ghost  
  121  23:35  Ghost  
  121  23:37  Orbital Command  
  121  23:38  SCV  
  121  23:39  SCV  
  121  23:41  Marine  
  128  23:43  Marine  
  128  23:45  SCV  
  130  23:59  Ghost  
Show
View Real Time Build Order
Export as new Build Order

Reynor Zerg - Winner!

Build Orders: Pool First, Lurkers 

Get SALT Encoding   

  12  0:00  Drone  
  13  0:12  Overlord  
  13  0:17  Drone  
  14  0:30  Drone  
  14  0:31  Drone  
  16  0:38  Drone  
  17  0:44  Spawning Pool  
  17  0:47  Drone  
  17  1:08  Hatchery  
  16  1:11  Drone  
  17  1:31  Zergling x6  
  20  1:33  Queen  
  20  1:36  Extractor  
  21  1:42  Overlord  
  21  1:53  Drone  
  23  2:04  Zergling x2  
  24  2:09  Queen  
  24  2:14  Zergling x2  
  27  2:21  Zergling x2  
  28  2:25  Zergling x2  
  28  2:28  Queen  
  31  2:32  Zergling x2  
  32  2:43  Zergling x4  
  33  2:53  Overlord  
  33  2:55  Zergling x4  
  35  3:07  Zergling x2  
  35  3:09  Overlord  
  35  3:12  Zergling x4  
  35  3:15  Zergling x2  
  35  3:19  Zergling x4  
  32  3:25  Zergling x4  
  32  3:32  Zergling x2  
  31  3:37  Zergling x6  
  34  3:44  Zergling x4  
  35  3:52  Zergling x4  
  32  3:58  Queen  
  32  4:01  Zergling x2  
  33  4:04  Zergling x2  
  34  4:12  Zergling x2, Extractor  
  34  4:13  Zergling x2  
  33  4:19  Queen  
  33  4:23  Zergling x2  
  36  4:29  Drone  
  36  4:30  Drone  
  38  4:32  Drone  
  38  4:36  Drone  
  40  4:48  Drone x2  
  40  4:49  Drone x2  
  43  4:58  Queen  
  44  5:01  Drone  
  44  5:04  Drone  
  46  5:08  Overlord  
  46  5:16  Drone, Spine Crawler  
  46  5:19  Drone  
  46  5:21  Drone  
  48  5:25  Metabolic Boost  
  48  5:31  Drone x2  
  48  5:35  Overlord  
  49  5:37  Drone  
  49  5:39  Drone x2  
  49  5:41  Drone x2  
  55  5:56  Drone x2, Hatchery  
  56  6:00  Drone  
  56  6:05  Drone  
  56  6:08  Queen, Spore Crawler  
  58  6:12  Drone  
  58  6:15  Spore Crawler  
  58  6:18  Drone x4  
  61  6:20  Drone  
  61  6:23  Overlord  
  63  6:27  Overlord  
  63  6:37  Drone x3, Roach Warren  
  63  6:38  Drone  
  66  6:40  Extractor  
  66  6:41  Extractor  
  66  6:43  Lair  
  66  6:45  Drone  
  66  6:46  Drone  
  66  6:51  Drone  
  67  6:56  Overlord  
  67  7:00  Drone  
  68  7:02  Drone x2  
  68  7:04  Drone  
  68  7:06  Overlord  
  68  7:08  Drone  
  72  7:13  Overlord  
  72  7:18  Drone x2  
  72  7:20  Drone x2, Evolution Chamber  
  72  7:22  Evolution Chamber  
  74  7:23  Extractor  
  74  7:24  Roach x2  
  74  7:26  Queen  
  79  7:30  Roach x3  
  79  7:31  Roach  
  79  7:32  Drone  
  79  7:35  Drone  
  89  7:42  Roach x2  
  93  7:47  Drone  
  93  7:48  Drone x3, Extractor  
  93  7:49  Extractor  
  94  7:51  Drone  
  94  7:52  Drone  
  94  7:53  Drone  
  94  7:54  Zerg Missile Weapons Level 1  
  94  7:57  Zerg Ground Armor Level 1, Overlord  
  99  7:58  Roach  
  99  8:01  Roach  
  101  8:06  Drone x5  
  101  8:09  Roach  
  108  8:13  Glial Reconstitution  
  108  8:14  Overlord  
  108  8:15  Roach  
  108  8:18  Roach x2  
  114  8:20  Overlord  
  114  8:22  Roach  
  114  8:24  Roach  
  120  8:27  Roach  
  120  8:29  Drone  
  120  8:31  Overlord  
  120  8:34  Roach x2  
  125  8:37  Roach x2  
  125  8:41  Overlord  
  127  8:42  Drone x2  
  127  8:47  Ravager x2  
  131  8:49  Roach x4  
  131  8:51  Overlord  
  131  8:54  Ravager  
  138  9:09  Overlord  
  134  9:10  Roach x6  
  134  9:14  Drone  
  134  9:16  Overlord  
  147  9:20  Infestation Pit  
  147  9:21  Drone  
  147  9:24  Hatchery  
  146  9:25  Overlord  
  146  9:26  Roach x2  
  146  9:30  Ravager  
  153  9:31  Roach x3  
  153  9:33  Overlord  
  153  9:36  Drone  
  158  9:42  Roach x4  
  158  9:43  Spore Crawler  
  158  9:45  Ravager x2  
  167  9:48  Overlord  
  167  9:50  Zerg Missile Weapons Level 2  
  167  9:53  Drone x3  
  167  9:55  Overlord  
  170  10:01  Hive  
  170  10:03  Hydralisk Den  
  169  10:09  Drone  
  169  10:10  Drone x2  
  170  10:14  Zerg Ground Armor Level 2  
  170  10:15  Drone  
  170  10:20  Drone x5  
  176  10:31  Drone  
  176  10:32  Drone x3  
  176  10:34  Roach x3  
  186  10:41  Drone x2  
  186  10:42  Lurker Den, Overlord  
  187  10:46  Drone  
  187  10:48  Extractor  
  187  10:49  Extractor  
  186  10:55  Overlord  
  186  10:57  Hydralisk x3  
  186  10:59  Hydralisk  
  186  11:03  Hatchery  
  193  11:05  Overlord  
  193  11:21  Overseer  
  193  11:22  Spore Crawler  
  193  11:24  Spore Crawler  
  193  11:25  Spore Crawler  
  188  11:38  Drone x5  
  188  11:39  Lurker x2  
  197  11:40  Lurker x2  
  198  11:48  Seismic Spines  
  198  12:01  Hatchery  
  191  12:08  Roach x4  
  189  12:12  Hydralisk x4  
  191  12:18  Muscular Augments  
  191  12:19  Zerg Missile Weapons Level 3  
  189  12:26  Spine Crawler  
  189  12:27  Spine Crawler  
  189  12:28  Hydralisk x2, Spine Crawler  
  189  12:29  Spine Crawler  
  189  12:34  Zerg Ground Armor Level 3  
  189  12:38  Drone x2, Queen  
  189  12:40  Lurker x3  
  196  12:48  Baneling Nest  
  196  12:50  Lurker  
  196  12:54  Queen  
  199  12:58  Lurker  
  199  13:01  Hatchery  
  199  13:02  Spore Crawler  
  193  13:12  Lurker  
  191  13:16  Viper x2  
  187  13:38  Hydralisk x4  
  187  13:40  Adaptive Talons  
  191  13:43  Drone x3  
  194  13:49  Adrenal Glands  
  194  13:53  Hatchery  
  193  13:56  Hydralisk  
  193  14:04  Lurker x3  
  195  14:13  Overseer  
  193  14:21  Lurker  
  194  14:43  Hydralisk x2  
  196  14:51  Hatchery  
  195  15:05  Drone x2  
  195  15:06  Drone x2  
  199  15:10  Spore Crawler  
  199  15:11  Spine Crawler  
  199  15:12  Spore Crawler  
  159  15:29  Hydralisk x7  
  159  15:30  Hydralisk x2  
  159  15:31  Zergling x14  
  159  15:34  Hatchery  
  174  15:40  Zerg Melee Weapons Level 1  
  174  15:45  Hydralisk x2  
  174  15:48  Lurker  
  177  15:53  Hatchery  
  171  16:05  Lurker x8  
  171  16:06  Zergling x2  
  171  16:07  Zergling x24  
  192  16:16  Hatchery  
  189  16:31  Hydralisk x4  
  185  16:34  Centrifugal Hooks  
  185  16:35  Zergling x16  
  185  16:39  Overlord  
  190  16:48  Drone x2  
  190  16:49  Drone  
  190  16:51  Hatchery  
  190  17:01  Hydralisk x3  
  178  17:02  Zergling x16  
  178  17:06  Hydralisk  
  178  17:07  Zergling x2  
  178  17:08  Lurker x3  
  194  17:15  Drone x10  
  194  17:23  Lurker x2  
  196  17:37  Extractor  
  191  17:38  Hydralisk x4, Zergling x2, Extractor  
  191  17:39  Zergling x6, Hatchery  
  191  17:40  Hydralisk x2  
  177  17:55  Zergling x6  
  177  17:56  Zergling x8  
  177  17:57  Overlord  
  173  18:08  Baneling  
  173  18:09  Baneling x7  
  173  18:11  Drone x3  
  173  18:12  Queen  
  175  18:16  Overseer  
  175  18:17  Zergling x22  
  175  18:19  Lurker  
  185  18:20  Lurker x7  
  185  18:22  Baneling  
  185  18:23  Hydralisk x2, Baneling x8  
  185  18:24  Zergling x6  
  193  18:36  Zerg Melee Weapons Level 2  
  193  18:39  Pneumatized Carapace  
  193  18:42  Zergling x10  
  193  18:43  Zergling x4  
  199  18:48  Overseer  
  199  18:55  Zergling x18  
  200  19:02  Zergling x10  
  196  19:09  Hydralisk  
  192  19:10  Zergling x12  
  192  19:14  Hydralisk x3  
  192  19:15  Zergling x6  
  191  19:19  Hydralisk, Zergling x6  
  191  19:23  Baneling x3  
  191  19:24  Baneling x11  
  181  19:29  Overseer  
  180  19:38  Baneling x12  
  176  19:40  Zergling x18  
  176  19:42  Hydralisk x3, Hatchery  
  176  19:43  Zergling x14  
  192  19:54  Zergling x14  
  193  20:04  Zergling x28  
  197  20:07  Baneling x9  
  197  20:08  Baneling x11  
  185  20:16  Lurker  
  185  20:17  Hydralisk x3  
  185  20:18  Zergling x14  
  185  20:19  Zergling x8  
  173  20:23  Hydralisk x5  
  173  20:24  Hydralisk, Zergling x4  
  173  20:27  Hydralisk  
  166  20:32  Hydralisk x3  
  166  20:34  Viper x2  
  177  20:45  Lurker x2  
  166  20:50  Hydralisk x3  
  166  20:51  Zergling x16  
  166  20:54  Lurker x3  
  164  20:58  Hydralisk x2  
  164  20:59  Zergling x2  
  154  21:11  Lurker x5  
  152  21:17  Lurker  
  149  21:19  Lurker  
  150  21:28  Hydralisk  
  150  21:29  Hydralisk, Zergling x4  
  150  21:30  Zergling x6  
  150  21:32  Lurker x3  
  152  21:53  Infestor  
  154  21:58  Hatchery  
  143  22:14  Zergling x36  
  145  22:23  Baneling x2  
  145  22:24  Lurker x2  
  145  22:25  Hydralisk x2  
  144  22:39  Zergling x16  
  151  22:48  Burrow  
  149  22:55  Hydralisk x2  
  149  22:56  Hydralisk, Zergling x4  
  149  22:57  Zergling x2  
  149  22:58  Drone  
  152  23:01  Overseer  
  152  23:04  Drone x2  
  152  23:23  Zergling x16  
  152  23:24  Zergling x10  
  165  23:42  Lurker x3  
  165  23:43  Lurker  
  165  23:44  Hatchery, Zergling x18  
  165  23:45  Zergling x4  
  176  24:04  Lurker  
  176  24:05  Zergling x40  

Tags
 
Add a new tag
Caveats
  • Supply blocks, unpowered buildings, or Contaminate may cause inaccurate times.
  • Supply counts are checked every 10 seconds.